 Dungeon Crawl Stone Soup version 0.32-a0-918-g0f22ef8d61 (webtiles) character file.

Game seed: 9089106548807605429

153862 pokedragonboy the Eclecticist (level 17, -12/80 HPs)
             Began as a Deep Elf Conjurer on Apr 12, 2024.
             Was a High Priest of Sif Muna.
             Mangled by Aizul (41 damage)
             ... on level 1 of the Swamp.
             The game lasted 02:02:01 (32506 turns).

pokedragonboy the Eclecticist (Deep Elf Conjurer)  Turns: 32506, Time: 02:02:01

Health: -12/80     AC: 13    Str:  4    XL:     17   Next: 5%
Magic:  10/51      EV:  2    Int: 32    God:    Sif Muna [*****.]
Gold:   1898       SH:  0    Dex: 13    Spells: 4/54 levels left

rFire   + . .        b - staff of cold
rCold   + + .        (no shield)
rNeg    . . .        h - +2 robe {rF+}
rPois   +            K - +2 helmet of Gemp {rC+ SInv}
rElec   .            u - +2 cloak
rCorr   .            O - +1 pair of gloves
SInv    +            z - +0 pair of boots
Will    +....        G - amulet of magic regeneration
Stlth   +            e - ring of magical power
HPRegen 0.33/turn    k - ring of poison resistance
MPRegen 0.72/turn

%: no passive effects
@: sleeping, very slow
A: MP-powered wands
a: Renounce Religion, Channel Magic, Forget Spell, Divine Exegesis


You were on level 1 of the Swamp.
You worshipped Sif Muna.
Sif Muna was extremely pleased with you.
You visited 6 branches of the dungeon, and saw 25 of its levels.
You also visited: Ice Cave.

You collected 2152 gold pieces.
You spent 254 gold pieces at shops.

Inventory:

Hand Weapons
 a - the +6 battleaxe of Dullness {venom, +Blink rF- Str+2 Int+7}
   (You found it on level 3 of the Lair of Beasts)

   Str+2:     It affects your strength (+2).
   Int+7:     It affects your intelligence (+7).
   rF-:       It makes you vulnerable to fire.
   +Blink:    It lets you blink.
Missiles
 r - 4 throwing nets
Armour
 h - a +2 robe of fire resistance (worn)
 u - a +2 cloak (worn)
 z - a +0 pair of boots (worn)
 K - the +2 helmet of Gemp (worn) {rC+ SInv}
   (You found it on level 5 of the Lair of Beasts)

   rC+:       It protects you from cold.
   SInv:      It lets you see invisible.
 O - a +1 pair of gloves (worn)
Magical Staves
 b - a staff of cold (weapon)
 c - a staff of alchemy
Jewellery
 e - a ring of magical power (left hand)
 j - a ring of protection from cold
 k - a ring of poison resistance (right hand)
 F - a +4 ring of protection
 G - an amulet of magic regeneration (around neck)
Talismans
 N - a granite talisman
Wands
 o - a wand of paralysis (20)
 p - a wand of mindburst (18)
 y - a wand of light (25)
 H - a wand of flame (24)
 J - a wand of polymorph (7)
 M - a wand of roots (13)
Scrolls
 f - 3 scrolls of teleportation
 g - 3 scrolls of vulnerability
 i - 6 scrolls of immolation
 n - 2 scrolls of fog
 s - 3 scrolls of fear
 v - a scroll of poison
 C - 4 scrolls of noise
 D - a scroll of silence
 E - a scroll of brand weapon
 P - a scroll of amnesia
 T - a scroll of identify
Potions
 d - 2 potions of resistance
 l - a potion of enlightenment
 m - 4 potions of might
 q - 2 potions of ambrosia
 t - 5 potions of lignification
 w - 4 potions of magic
 x - 4 potions of curing
 A - 2 potions of invisibility
 B - 2 potions of heal wounds
 I - 5 potions of attraction
 L - 2 potions of brilliance
 Q - a potion of haste
Miscellaneous
 R - a tin of tremorstones (2/2)


   Skills:
 - Level 6.0 Dodging
 - Level 2.4 Stealth
 + Level 19.4 Spellcasting
 + Level 18.4 Conjurations
 - Level 8.0 Translocations
 - Level 5.0 Fire Magic
 + Level 12.2 Ice Magic
 - Level 10.0 Earth Magic
 - Level 2.0 Alchemy
 + Level 11.5 Invocations
 - Level 5.0 Evocations


You had 4 spell levels left.
You knew the following spells:

 Your Spells              Type           Power      Damage    Failure   Level
a - Magic Dart            Conj           100%       1d8       0%          1
b - Searing Ray           Conj           100%       2d8       0%          2
c - Fireball              Conj/Fire      41%        3d17      1%          5
d - Iskenderun's Mystic   Conj/Tloc      86%        2d17      (+2d91%     4
f - Fulminant Prism       Conj/Alch      38%        3d18      1%          4
g - Freezing Cloud        Conj/Ice/Air   49%        6-21      1%          5
h - Hailstorm             Conj/Ice       100%       3d16      0%          3
i - Summon Ice Beast      Ice/Summ       81%        N/A       1%          3
k - Teleport Other        Tloc           70%        N/A       1%          3
n - Blink                 Tloc           100%       N/A       1%          2
o - Summon Forest         Summ/Tloc      27%        N/A       6%          5
v - Permafrost Eruption   Ice/Erth       50%        2x4d11    1%          6
x - Orb of Destruction    Conj           49%        9d13      1%          7

Your spell library contained the following spells:

 Spells                   Type           Power      Damage    Failure   Level
 Freeze                   Ice            100%       1d10      0%          1
 Necrotise                Necr           100%       1d9       1%          1
 Shock                    Conj/Air       100%       1d9       1%          1
 Summon Small Mammal      Summ           100%       N/A       1%          1
 Call Imp                 Summ           62%        N/A       1%          2
 Cigotuvi's Dreadful Rot  Necr/Alch/Air  70%        N/A       1%          2
 Lesser Beckoning         Tloc           100%       N/A       1%          2
 Scorch                   Fire           100%       2d9       1%          2
 Dazzling Flash           Conj/Hex       100%       N/A       1%          3
 Frozen Ramparts          Ice            100%       1d16      1%          3
 Inner Flame              Hex/Fire       47%        N/A       1%          3
 Maxwell's Portable Pile  Tloc           70%        2d(12-34) 1%          3
 Mephitic Cloud           Conj/Alch/Air  65%        N/A       1%          3
 Ozocubu's Armour         Ice            100%       N/A       1%          3
 Flame Wave               Conj/Fire      82%        2d18      1%          4
 Leda's Liquefaction      Alch/Erth      31%        N/A       1%          4
 Petrify                  Alch/Erth      62%        N/A       1%          4
 Dimensional Bullseye     Hex/Tloc       27%        N/A       2%          4
 Sticky Flame             Fire/Alch      52%        2d9       2%          4
 Call Canine Familiar     Summ           31%        N/A       3%          3
 Fugue of the Fallen      Necr           31%        N/A       3%          3
 Sigil of Binding         Hex            31%        N/A       3%          3
 Swiftness                Air            31%        N/A       3%          3
 Vampiric Draining        Necr           31%        2d8       3%          3
 Summon Blazeheart Golem  Fire/Summ      47%        N/A       4%          4
 Airstrike                Air            15%        2d(3-19)  12%         4
 Cause Fear               Hex            15%        N/A       12%         4
 Dispel Undead            Necr           31%        3d14      12%         4
 Martyr's Knell           Necr/Summ      31%        N/A       12%         4
 Arcjolt                  Conj/Air       37%        1d47      1%          5
 Irradiate                Conj/Alch      38%        3d24      1%          5
 Metabolic Englaciation   Hex/Ice        40%        N/A       2%          5
 Conjure Ball Lightning   Conj/Air       37%        3x3d12    4%          6
 Dispersal                Tloc           35%        N/A       7%          6
 Gell's Gavotte           Tloc           35%        2d(27-40) 7%          6
 Sculpt Simulacrum        Ice/Alch       43%        N/A       10%         6
 Lehudib's Crystal Spear  Conj/Erth      44%        10d11     22%         8
 Curse of Agony           Necr           31%        N/A       32%         5
 Manifold Assault         Tloc           35%        N/A       36%         7
 Eringya's Noxious Bog    Alch           21%        4d6       61%         6
 Summon Cactus Giant      Summ           15%        N/A       87%         6
 Malign Gateway           Summ/Tloc      27%        N/A       88%         7
 Disjunction              Tloc           35%        N/A       96%         8
 Summon Hydra             Summ           15%        N/A       100%        7
 Discord                  Hex            15%        N/A       100%        8
 Ignition                 Fire           29%        3d9       100%        8
 Maxwell's Capacitive Co  Air            15%        ∞         100%        8
 Summon Horrible Things   Summ           15%        N/A       100%        8
 Dragon's Call            Summ           15%        N/A       100%        9
 Fire Storm               Conj/Fire      41%        8d10      100%        9


Dungeon Overview and Level Annotations

Branches:
Dungeon (15/15)            Temple (1/1) D:6            Lair (5/5) D:9
  Swamp (1/4) Lair:3        Snake (1/4) Lair:2        Slime (0/5) Lair:5
    Orc (2/2) D:12            Elf (0/3) Orc:2        Vaults (0/5) D:13
 Depths (0/4) D:15          IceCv (visited)

Altars:
Ashenzari
Cheibriados
Dithmenos
Elyvilon
Fedhas
Gozag
Hepliaklqana
Kikubaaqudgha
Makhleb
Nemelex Xobeh
Okawaru
Qazlal
Ru
Sif Muna
Trog
Uskayaw
Vehumet
Wu Jian
Xom
Yredelemnul
Zin
The Shining One

Shops:
D:6 (   D:7 !   D:15 [   Orc:2 (([(?

Annotations:
D:12 4 transporters
Swamp:1 Aizul
Snake:1 Jorgrun


Innate Abilities, Weirdness & Mutations

You expend magic power (3 MP) to strengthen your wands.


Message History

You kill the tyrant leech!
Sif Muna accepts your kill.
A swamp dragon comes into view.
The spriggan is engulfed in freezing vapours.
You kill the spriggan!
Sif Muna accepts your kill.
You hear a splash. x2
You enter the shallow water.
Moving in this stuff is going to be slow.
Unknown command.
Casting: Freezing Cloud (dangerous; 1% risk of failure)
Confirm with . or Enter, or press ? or * to list all spells.
You can't see any susceptible monsters within range! (Use Z to cast anyway.) Unknown command.
Casting: Freezing Cloud (dangerous; 1% risk of failure)
Confirm with . or Enter, or press ? or * to list all spells.
Aiming: Orb of Destruction (dangerous; 1% risk of failure)
Press: ? - help, Shift-Dir - straight line, f - swamp dragon
Aim: a swamp dragon
Casting: Orb of Destruction (dangerous; 1% risk of failure)
Confirm with . or Enter, or press ? or * to list all spells.
Aiming: Orb of Destruction (dangerous; 1% risk of failure)
Press: ? - help, Shift-Dir - straight line, f - Aizul, p - swamp dragon
Aim: Aizul (freezing vapour)
Your orb of destruction hits a mangrove.
Aizul is engulfed in freezing vapours.
Casting: Orb of Destruction (dangerous; 1% risk of failure)
Confirm with . or Enter, or press ? or * to list all spells.
Aiming: Orb of Destruction (dangerous; 1% risk of failure)
Press: ? - help, Shift-Dir - straight line, f/p - Aizul
Aim: Aizul (freezing vapour, lightly wounded) Aizul is engulfed in freezing vapours.
The bloated husk is engulfed in freezing vapours.
Aizul coils herself and waves her upper body at you.
You fall asleep.
The orb of destruction hits Aizul!!
Aizul is moderately wounded.
Aizul hits you!!!
Ouch! That really hurt!
You die...

....~~~~~~~.♣~ ♣~.~~~~♣
~~~~~.○~~~~~. ♣♣.~~~~.
~~~~..○.~..~♣ ♣...~..
~~~~~..~.~♣~♣♣♣♣♣
♣♣.§~~.
.§~§~~§°.~.~♣~..♣♣
♣..~~~~
§.~~~§§§D...~.~~.♣
♣♣..~~§
~.kSn)†§..§~..~~.♣♣
♣♣~~...
~~♣♣...♣♣Sn~~~~~~.♣
♣.<.~..
♣♣♣♣♣♣~@~~.~~~.♣♣~~~~~~~
♣~~~~~.....♣♣~~÷.~~~
♣♣.~~.....♣♣♣♣.~~~~~
♣.~~.~...~♣♣~.§~~~§
♣....~~.......~~§)~
♣♣♣~.~§....~~~..~..
♣♣♣......~~~~~~..
♣♣♣♣....~~~§~~~.
♣♣..♣..~.~~~~~~~.


You could see Aizul, a swamp dragon and a bloated husk.

Vanquished Creatures
  Nikola (Swamp:1)
  Frances (D:13)
  A frost giant (IceCv)
  An eleionoma (Swamp:1)
  A bunyip (Swamp:1)
  A dire elephant (Lair:5)
  Snorg (D:10)
  A fire dragon (D:15)
  10 hydras
  A great orb of eyes (D:15)
  6 centaur warriors
  4 catoblepae
  3 rakshasas (D:15)
  Erica (D:10)
  6 two-headed ogres
  4 boulder beetles
  A shock serpent (Snake:1)
  8 death yaks
  3 spriggans (Swamp:1)
  A salamander mystic (Snake:1)
  A skyshark (Lair:3)
  3 skeletal warriors (D:14)
  A goliath frog (Swamp:1)
  A sea snake (shapeshifter) (D:15)
  A naga ritualist (Snake:1)
  A sea snake (Snake:1)
  A mana viper (Snake:1)
  A spriggan druid (Swamp:1)
  Pikel (D:5)
  2 deep elf pyromancers
  2 lindwurms (Lair:5)
  4 orc knights
  3 salamanders (Snake:1)
  36 ugly things
  4 cyclopes
  3 manticores
  6 kobold blastminers
  17 elephants
  7 black mambas
  2 torpor snails
  An ice statue (IceCv)
  7 cane toads
  3 naga magi (Snake:1)
  An orange demon (Lair:2)
  13 rime drakes
  A kobold demonologist (D:10)
  16 komodo dragons
  A freezing wraith (D:13)
  A troll (shapeshifter) (D:13)
  6 trolls
  8 blink frogs
  4 tyrant leeches (Swamp:1)
  7 polar bears
  3 hornets
  6 dream sheep (Lair:5)
  Sigmund (D:4)
  12 slime creatures
  50 yaks
  4 wraiths
  2 vampires
  7 wyverns
  2 steam dragons
  6 wargs
  17 vampire mosquitoes
  5 basilisks
  3 nagas (Snake:1)
  2 acid dragons
  10 water moccasins
  A swamp drake (Swamp:1)
  30 orc warriors
  An ice beast (D:5)
  4 black bears
  6 ogres
  2 sky beasts
  2 laughing skulls (D:15)
  23 wolves
  10 centaurs
  4 lemures (D:4)
  A phantom (D:4)
  2 kobold brigands
  Blork the orc (D:5)
  16 bullfrogs
  2 gnoll sergeants
  3 scorpions
  8 killer bees (D:9)
  4 howler monkeys (D:9)
  7 electric eels
  A lava snake (Orc:1)
  4 hounds
  13 jellies
  A gnoll bouda (D:9)
  8 orc priests
  3 sleepcaps
  Terence (D:2)
  Natasha (D:3)
  5 iguanas
  24 orc wizards
  10 adders
  23 gnolls
  2 shadow imps
  An ufetubus (D:6)
  4 dart slugs
  2 ribbon worms
  50 orcs
  13 endoplasms
  6 goblins
  10 hobgoblins
  4 jackals (D:4)
  19 kobolds
  4 quokkas
  12 ball pythons
  5 bats
  6 frilled lizards
  8 rats
  A fulminant prism (D:14)
  A snaplasher vine (Orc:1)
721 creatures vanquished.

Vanquished Creatures (collateral kills)
  A hydra (Lair:5)
  Amaemon (Lair:2)
  2 elephants (Lair:5)
  A black mamba (Lair:1)
  A cane toad (Lair:2)
  A komodo dragon (Lair:1)
  A water moccasin (Lair:3)
  An orc warrior (Orc:1)
  3 bullfrogs
  A hound (Lair:3)
13 creatures vanquished.

Vanquished Creatures (others)
  A spriggan (Swamp:1)
  A bloated husk (Swamp:1)
  2 hornets (Swamp:1)
  62 fulminant prisms
66 creatures vanquished.

Grand Total: 800 creatures vanquished

Notes
Turn   | Place    | Note
-------+----------+-------------------------------------------
     0 | D:1      | pokedragonboy the Deep Elf Conjurer began the quest for the
                  | Orb.
     0 | D:1      | Reached XP level 1. HP: 10/10 MP: 6/6
   245 | D:1      | Reached XP level 2. HP: 15/15 MP: 4/8
   387 | D:1      | Reached skill level 5 in Conjurations
   440 | D:1      | Learned a level 2 spell: Searing Ray
   573 | D:1      | Reached XP level 3. HP: 19/19 MP: 8/10
   609 | D:1      | Learned a level 3 spell: Teleport Other
  1672 | D:2      | Reached skill level 4 in Spellcasting
  1796 | D:2      | Noticed Terence
  1802 | D:2      | Killed Terence
  1803 | D:2      | Reached skill level 1 in Translocations
  1803 | D:2      | Reached XP level 4. HP: 24/24 MP: 3/12
  1882 | D:2      | Learned a level 4 spell: Fulminant Prism
  2394 | D:2      | Identified the +10 dagger "Zaubi" {antimagic, Fly rPois
                  | Stlth+}
  3161 | D:3      | Reached XP level 5. HP: 28/28 MP: 5/13
  3490 | D:3      | Noticed Natasha
  3496 | D:3      | Killed Natasha
  3627 | D:3      | Reached skill level 5 in Spellcasting
  3915 | D:4      | Noticed Sigmund
  3975 | D:4      | Reached XP level 6. HP: 32/32 MP: 9/15
  4088 | D:4      | Found a sparkling altar of Nemelex Xobeh.
  4089 | D:4      | Found a basalt altar of Yredelemnul.
  4273 | D:5      | Entered Level 5 of the Dungeon
  4286 | D:5      | Noticed Pikel
  4327 | D:4      | Gained mutation: You expend magic power (3 MP) to
                  | strengthen your wands. [potion of mutation]
  4571 | D:4      | Killed Sigmund
  4932 | D:4      | Reached XP level 7. HP: 36/36 MP: 17/17
  5125 | D:4      | Reached skill level 6 in Spellcasting
  5841 | D:5      | Killed Pikel
  5842 | D:5      | Reached skill level 7 in Spellcasting
  5842 | D:5      | Reached skill level 5 in Translocations
  5842 | D:5      | Reached XP level 8. HP: 24/41 MP: 15/20
  5957 | D:5      | Learned a level 4 spell: Iskenderun's Mystic Blast
  5973 | D:5      | Noticed Blork the orc
  5979 | D:5      | Killed Blork the orc
  6416 | D:5      | Reached skill level 8 in Spellcasting
  6416 | D:5      | Reached skill level 10 in Conjurations
  6805 | D:6      | Reached XP level 9. HP: 45/45 MP: 23/23
  6809 | D:6      | Learned a level 3 spell: Hailstorm
  7069 | D:6      | Found a stormy altar of Qazlal.
  7137 | D:6      | Found a staircase to the Ecumenical Temple.
  7154 | Temple   | Entered the Ecumenical Temple
  7165 | Temple   | Became a worshipper of Sif Muna the Loreminder
  7236 | D:6      | Reached skill level 1 in Invocations
  7254 | D:6      | HP: 1/45 [vampire (9)]
  7585 | D:6      | Found Seggof's Antique Weapon Emporium.
  7607 | D:6      | Reached skill level 9 in Spellcasting
  7885 | D:7      | Found a radiant altar of Vehumet.
  8215 | D:7      | Found Zireeney's Distillery.
  8224 | D:7      | Bought a potion of magic for 112 gold pieces
  8224 | D:7      | Bought a potion of curing for 42 gold pieces
  8224 | D:7      | Bought a potion of curing for 42 gold pieces
  9329 | D:8      | Reached * piety under Sif Muna
  9694 | D:8      | Found an opulent altar of Gozag.
  9891 | D:9      | Noticed a two-headed ogre
  9943 | D:9      | Reached XP level 10. HP: 50/50 MP: 25/25
 10107 | D:9      | Found a staircase to the Lair.
 10581 | D:9      | Reached skill level 10 in Spellcasting
 10581 | D:9      | Reached ** piety under Sif Muna
 10967 | D:9      | Killed a two-headed ogre
 10968 | D:9      | Reached skill level 1 in Ice Magic
 11098 | D:9      | Reached skill level 5 in Invocations
 11533 | D:10     | Entered Level 10 of the Dungeon
 11551 | D:10     | Noticed Erica
 11566 | D:10     | Killed Erica
 11636 | D:10     | Noticed a deep elf pyromancer
 11877 | D:10     | Reached XP level 11. HP: 50/54 MP: 27/27
 11885 | D:10     | Reached skill level 11 in Spellcasting
 12075 | D:10     | Killed a deep elf pyromancer
 12080 | D:10     | Noticed a two-headed ogre
 12088 | D:10     | Killed a two-headed ogre
 12089 | D:10     | Reached skill level 5 in Ice Magic
 12347 | D:10     | Reached *** piety under Sif Muna
 12515 | D:10     | Identified the +5 quarterstaff of Unpleasantness {freeze,
                  | rElec Str+3 Int+2}
 12751 | D:10     | Noticed Snorg
 12763 | D:10     | Killed Snorg
 12941 | D:10     | Learned a level 3 spell: Summon Ice Beast
 12992 | Lair:1   | Entered Level 1 of the Lair of Beasts
 13544 | Lair:1   | Reached skill level 12 in Spellcasting
 14104 | Lair:1   | Reached XP level 12. HP: 59/59 MP: 30/30
 14405 | Lair:1   | Noticed an eight-headed hydra
 14428 | Lair:1   | Killed an eight-headed hydra
 14588 | Lair:1   | Learned a level 5 spell: Fireball
 15016 | Lair:2   | Reached **** piety under Sif Muna
 15046 | Lair:2   | Noticed Amaemon
 15067 | Lair:2   | Killed Amaemon
 15757 | Lair:2   | Found a staircase to the Snake Pit.
 15860 | Lair:2   | Reached skill level 13 in Spellcasting
 15860 | Lair:2   | Reached skill level 1 in Fire Magic
 15871 | Lair:2   | Reached skill level 1 in Alchemy
 16809 | Lair:3   | Found a staircase to the Swamp.
 17181 | Lair:3   | Reached skill level 1 in Earth Magic
 17353 | Snake:1  | Entered Level 1 of the Snake Pit
 17528 | Lair:3   | Reached skill level 15 in Conjurations
 17891 | Lair:3   | Noticed a seven-headed hydra
 17897 | Lair:3   | Killed a seven-headed hydra
 17903 | Lair:3   | Reached XP level 13. HP: 55/63 MP: 9/32
 18078 | Lair:3   | Identified the +6 battleaxe of Dullness {venom, +Blink rF-
                  | Str+2 Int+7}
 18148 | Lair:3   | Learned a level 6 spell: Permafrost Eruption
 18456 | Lair:3   | Identified a scroll of acquirement
 19339 | Lair:4   | You fall into a shaft and drop 1 floor!
 19339 | Lair:5   | Entered Level 5 of the Lair of Beasts
 19396 | Lair:5   | Reached skill level 5 in Earth Magic
 19430 | Lair:5   | Reached skill level 14 in Spellcasting
 19688 | Lair:5   | Found a staircase to the Slime Pits.
 19801 | Lair:5   | Acquired a +0 hat of intelligence
 20844 | Lair:5   | Reached skill level 5 in Dodging
 21083 | Lair:5   | Reached ***** piety under Sif Muna
 21096 | Lair:5   | Reached skill level 10 in Ice Magic
 21178 | Lair:5   | Noticed a dire elephant
 21547 | Lair:5   | Reached XP level 14. HP: 45/68 MP: 19/34
 21999 | Lair:5   | Identified the +2 helmet of Gemp {rC+ SInv}
 22439 | D:11     | Found a frozen archway.
 22444 | D:11     | Reached skill level 15 in Spellcasting
 22454 | IceCv    | Entered an ice cave
 22877 | IceCv    | Noticed a frost giant
 22887 | IceCv    | Received a gift from Sif Muna
 22890 | IceCv    | Killed a frost giant
 22891 | IceCv    | Reached skill level 10 in Earth Magic
 22972 | IceCv    | Got Wees Fio's Spellbook of the Beguiled Lungs {god gift}
 22979 | IceCv    | Learned a level 5 spell: Freezing Cloud
 24170 | D:11     | Reached skill level 17 in Spellcasting
 24170 | D:11     | Reached XP level 15. HP: 72/72 MP: 38/38
 24257 | D:12     | Found a transporter.
 24258 | D:12     | Found a transporter.
 24260 | D:12     | Found a transporter.
 24296 | D:12     | Found a staircase to the Orcish Mines.
 24391 | D:12     | Learned a level 2 spell: Blink
 24551 | D:12     | Found a transporter.
 24586 | D:12     | Reached skill level 1 in Evocations
 24648 | D:12     | Learned a level 5 spell: Summon Forest
 25907 | D:13     | Noticed Frances
 25911 | D:13     | Killed Frances
 25912 | D:13     | Reached skill level 5 in Fire Magic
 26080 | D:13     | Identified the +3 ring mail of Dawn {Rampage rN+++ Str-4
                  | Slay+3}
 26508 | D:13     | Found a gate to the Vaults.
 26698 | Orc:1    | Entered Level 1 of the Orcish Mines
 27145 | Orc:1    | Received a gift from Sif Muna
 27251 | Orc:2    | Entered Level 2 of the Orcish Mines
 27434 | Orc:2    | Reached XP level 16. HP: 47/76 MP: 33/39
 27468 | Orc:2    | Reached skill level 5 in Evocations
 27691 | Orc:2    | Found Jaha Muri's Magic Scroll Boutique.
 28024 | Orc:2    | Found Paemuim's Antique Weapon Shop.
 28024 | Orc:2    | Found Daarull's Armour Shoppe.
 28026 | Orc:2    | Found Wocwaor's Antique Weapon Emporium.
 28027 | Orc:2    | Found Umuhala's Antique Weapon Boutique.
 28210 | Orc:2    | Found a staircase to the Elven Halls.
 28475 | Orc:2    | Bought a +0 pair of boots for 58 gold pieces
 28741 | D:14     | Received a gift from Sif Muna
 28742 | D:14     | Reached skill level 18 in Spellcasting
 28822 | D:14     | Got Sif Muna's Treatise on the Fifth Circle {god gift}
 28831 | D:14     | Learned a level 7 spell: Orb of Destruction
 29106 | D:14     | Identified the blade talisman "Gapnaolo" {rPois rN+ MP-9
                  | Dex+4}
 29184 | D:14     | You fall into a shaft and drop 1 floor!
 29184 | D:15     | Entered Level 15 of the Dungeon
 29247 | D:14     | Reached skill level 10 in Invocations
 30687 | D:15     | Found Civurah's Armour Shop.
 30879 | D:15     | Received a gift from Sif Muna
 30995 | D:15     | Found a staircase to the Depths.
 31479 | Snake:1  | Reached skill level 19 in Spellcasting
 31691 | Snake:1  | Noticed Jorgrun
 31695 | Snake:1  | HP: 2/74 [naga sharpshooter/arrow (2)]
 32087 | Swamp:1  | Entered Level 1 of the Swamp
 32162 | Swamp:1  | Noticed Nikola
 32168 | Swamp:1  | Killed Nikola
 32269 | Swamp:1  | Reached XP level 17. HP: 80/80 MP: 39/42
 32498 | Swamp:1  | Identified the serpent talisman "Mumadeda" {*Slow +Blink
                  | rN++ Str+2}
 32498 | Swamp:1  | Noticed Aizul
 32506 | Swamp:1  | Mangled by Aizul

Illustrated notes

Levels and vault maps discovered:
D:1:      dpeg_arrival_water_fire, layout_basic, nicolae_figureground_pulse
D:2:      layout_basic, uniq_terence
D:3:      layout_basic, uniq_natasha
D:4:      minmay_general_purpose_star, layout_layer_cave,
          chequers_temple_overflow_statue_of_worship, uniq_sigmund
D:5:      layout_cave_pools, serial_column_ruins, column_ruins_hut_pillars,
          column_ruins_open_small, column_ruins_open_small, column_ruins_grid_3,
          column_ruins_open_small, uniq_pikel, uniq_blork_the_orc
D:6:      layout_cave_pools, nicolae_qazlal_general_emergency,
          minmay_temple_entry_statues, serial_park, serial_park_avenue1,
          serial_park_square3 [serial_park_minivault_5x5_1], serial_shops,
          nicolae_shop_hallway_stairs
D:7:      layout_basic, mainiacjoe_overflow_concentric_impassable, serial_shops,
          nicolae_shop_industrial_runoff, grunt_decor_cap
D:8:      layout_basic, kennysheep_mini, serial_shops, shop, serial_bayou_lake_a
D:9:      layout_stronghold, david_lair_shrubbed, grunt_ministairs_11,
          kennysheep_decorative_pillar
D:10:     layout_loops_ring, uniq_snorg, uniq_erica
D:11:     layout_irregular_city, portal_ice_cave_rime
D:12:     layout_cave_pods, david_orc_2, nicolae_diode_quadrants
D:13:     layout_basic, david_vaults_4, uniq_frances
D:14:     layout_gridville
D:15:     gammafunk_enter_depths_forms, layout_loops_ring, serial_shops, shop,
          minmay_crystal_water
Temple:   sentei_temple_godly_chess
Lair:1:   cheibrodos_lair_river_kwai, layout_long_grid, beast_lair_carwin_10
Lair:2:   layout_concentric_octagons, dummy_snake_entry, patterned_corridor,
          grunt_megastairs_3, uniq_amaemon
Lair:3:   beast_lair_carwin_large_1, layout_regular_city, swamp_mist,
          lemuel_fruit_tree
Lair:4:   layout_layer_cave
Lair:5:   hangedman_lair_in_review, layout_layer_cave,
          nicolae_slime_entry_slimehenge, lemuel_fruit_fields,
          serial_bayou_shore_a
Swamp:1:  layout_basic_swamp, nicolae_swamp_triple_paths, uniq_nikola,
          uniq_aizul
Snake:1:  layout_onion, serial_bayou_lagoon_a, minmay_shoptagon, uniq_jorgrun
Orc:1:    layout_caves, nicolae_orc_lava_tube
Orc:2:    st_orc_rangers, layout_diamond_mine, serial_shops, shop,
          nicolae_orc_quarried_blocks

Skill      XL: |  1  2  3  4  5  6  7  8  9 10 11 12 13 14 15 16 |
---------------+-------------------------------------------------+-----
Conjurations   | 5 6 7 9 10 11 12 13 15 16 17 18 | 18.4
Spellcasting   | 4 5 7 8 9 10 12 13 14 17 19 | 19.4
Translocations | 1 2 3 5 6 7 8 |  8.0
Invocations    | 3 5 7 9 11 | 11.5
Ice Magic      | 4 8 9 10 12 | 12.2
Fire Magic     | 2 4 5 |  5.0
Alchemy        | 2 |  2.0
Earth Magic    | 3 7 10 | 10.0
Dodging        | 5 6 |  6.0
Evocations     | 4 5 |  5.0
Stealth        | |  2.4

Action                     |  1- 3 |  4- 6 |  7- 9 | 10-12 | 13-15 | 16-18 || total
---------------------------+-------+-------+-------+-------+-------+-------++-------
  Melee: Hand axe          |       |       |     1 |     1 |       |       ||     2
         Quarterstaff      |       |       |       |    11 |       |       ||    11
         Battleaxe         |       |       |       |       |    10 |       ||    10
         Staff             |       |       |       |       |     3 |       ||     3
   Cast: Magic Dart        |    66 |    89 |    98 |    37 |    62 |     8 ||   360
         Searing Ray       |     2 |    16 |    75 |    99 |    58 |    20 ||   270
         Teleport Other    |       |       |     2 |     1 |     1 |       ||     4
         Iskenderun's Myst |       |       |     9 |   111 |    91 |    38 ||   249
         Hailstorm         |       |       |     8 |    49 |     4 |       ||    61
         Fulminant Prism   |       |       |       |    27 |    29 |     8 ||    64
         Summon Ice Beast  |       |       |       |    29 |    10 |       ||    39
         Fireball          |       |       |       |    20 |    65 |     7 ||    92
         Permafrost Erupti |       |       |       |       |    89 |   126 ||   215
         Freezing Cloud    |       |       |       |       |     5 |     4 ||     9
         Summon Forest     |       |       |       |       |     3 |       ||     3
         Orb of Destructio |       |       |       |       |       |    20 ||    20
 Invoke: Channel Magic     |       |       |       |     3 |     2 |     4 ||     9
  Evoke: Wand              |       |       |       |       |     1 |       ||     1
    Use: Scroll            |       |     5 |     4 |     9 |    15 |     3 ||    36
         Potion            |       |     1 |     4 |       |     3 |     2 ||    10
   Stab: Distracted        |       |       |       |     1 |       |       ||     1
 Armour: Robe              |     1 |    11 |    68 |   100 |   102 |    64 ||   346
  Dodge: Dodged            |     4 |    19 |    47 |    60 |    55 |    46 ||   231

Table legend: (Time is in decaauts)
 A = Elapsed time spent in this place.
 B = Non-inter-level travel time spent in this place.
 C = Inter-level travel time spent in this place.
 D = Time resting spent in this place.
 E = Time spent auto-exploring this place.
 F = Levels seen in this place.
 G = Mean time per level.
                   A        B        C        D        E       F      G
               +--------+--------+--------+--------+--------+-----+--------+
         Total |  32630 |  30816 |   1814 |   7966 |  18541 |  26 | 1255.0 |
       Dungeon |  19411 |  18259 |   1152 |   3790 |  12348 |  15 | 1294.1 |
        Temple |     17 |     11 |      6 |      0 |      0 |   1 |   17.0 |
          Lair |  10018 |   9529 |    489 |   3450 |   4645 |   5 | 2003.6 |
         Swamp |    431 |    431 |      0 |     78 |    287 |   1 |  431.0 |
     Snake Pit |     63 |     63 |      0 |      0 |      1 |   1 |   63.0 |
  Orcish Mines |   1843 |   1678 |    165 |    396 |    924 |   2 |  921.5 |
      Ice Cave |    844 |    844 |      0 |    252 |    335 |   1 |  844.0 |
               +--------+--------+--------+--------+--------+-----+--------+

Top non-repeatable levels by time:
  Lair:2: 2935 daAuts
  Lair:5: 2418 daAuts
  Lair:1: 2044 daAuts
     D:4: 1791 daAuts
     D:9: 1730 daAuts
    D:10: 1579 daAuts
  Lair:3: 1566 daAuts
     D:2: 1501 daAuts
    D:13: 1414 daAuts
    D:14: 1388 daAuts
     D:1: 1240 daAuts
    D:15: 1235 daAuts
    D:12: 1233 daAuts
     D:3: 1209 daAuts
     D:7: 1097 daAuts
